 Dungeon Crawl Stone Soup version 0.31-a0-981-geadf994542 (webtiles) character file.

Game seed: 13111543045964174744

110 Dirtsage the Insei (level 4, -1/29 HPs)
             Began as an Octopode Shapeshifter on Nov 1, 2023.
             Killed by nerve-wracking pain
             ... invoked by Grinder
              (13 damage)
             ... on level 4 of the Dungeon.
             The game lasted 00:03:49 (1984 turns).

Dirtsage the Insei (Octopode Shapeshifter)          Turns: 1984, Time: 00:03:49

Health: -1/29      AC:  1    Str: 13    XL:     4   Next: 91%
Magic:  4/4        EV: 13    Int: 12    God:
Gold:   292        SH:  0    Dex: 13    Spells: 3/3 levels left

rFire   . .          .
                       - Unarmed
rCold   . . .        m - orb {light}
rNeg    . . .        (helmet currently unavailable)
rPois   .            (no amulet)
rElec   .            g - ring of flight
rCorr   .            (no ring)
SInv    .            (no ring)
Will    .....        (no ring)
Stlth   +            (no ring)
HPRegen 0.24/turn    (no ring)
MPRegen 0.09/turn    (no ring)
                     (no ring)

%: no passive effects
@: beast-form, attractive, flying, glowing
A: beast (slay +2), almost no armour, amphibious, 8 rings, camouflage 1,
gelatinous body 1, (nimble swimmer 1), tentacles
a: Begin Untransformation


You were on level 4 of the Dungeon.
You were a hulking beast.
You visited 1 branch of the dungeon, and saw 4 of its levels.

You collected 292 gold pieces.

Inventory:

Armour
 m - an orb of light (worn)
Magical Staves
 f - a staff of air
Jewellery
 g - a ring of flight (left tentacle)
Talismans
 b - a beast talisman
 c - a flux talisman
Scrolls
 e - 3 scrolls of noise
 k - a scroll of vulnerability
 o - a scroll of teleportation {unknown}
 p - a scroll of enchant weapon {unknown}
 r - a scroll of summoning {unknown}
 B - a scroll of blinking
Potions
 a - a potion of lignification
 d - a potion of might
 h - a potion of mutation {unknown}
 i - a potion of ambrosia {unknown}
 l - a potion of resistance {unknown}
 n - a potion of haste {unknown}
 q - a potion of curing


   Skills:
 + Level 2.1 Fighting
 - Level 2.0 Dodging
 * Level 4.1 Unarmed Combat
 * Level 3.9 Shapeshifting


You had 3 spell levels left.
You didn't know any spells.
Your spell library contained the following spells:

 Spells                   Type           Power      Damage    Failure   Level
 Sting                    Tmut/Pois      0%         1d3       32%         1
 Poisonous Vapours        Pois/Air       0%         N/A       45%         2
 Ignite Poison            Fire/Tmut/Pois 0%         N/A       69%         3
 Olgreb's Toxic Radiance  Pois           0%         N/A       97%         4
 Sticky Flame             Conj/Fire      0%         2d3       97%         4
 Ignition                 Fire           0%         3d3       100%        8


Dungeon Overview and Level Annotations

Branches:
Dungeon (4/15)
 Temple: D:4-7

Altars:
Ashenzari
Qazlal

Annotations:
D:4 Grinder


Innate Abilities, Weirdness & Mutations

You are a hulking beast.
Your limbs bulge with bestial killing power. (Slay +2)
You cannot wear most types of armour.
You are amphibious.
You can wear up to eight rings at the same time.
Your skin changes colour to match your surroundings (Stealth+).
Your rubbery body absorbs attacks. (AC +1, EV +1)
((You are camouflaged when in or above water. (Stealth+)))
You have tentacles for arms and can constrict up to eight enemies at once.


Message History

Grinder shouts!
The dart slug completely misses you. Grinder gestures at you.
You resist with significant effort.
You bludgeon the dart slug! You grab the dart slug.
The dart slug is severely wounded.
You constrict the dart slug. Grinder gestures at you.
You suddenly lose the ability to move!
You lose your grip on the dart slug.
The dart slug bites you. x2
The dart slug launches a dart at you. The slug dart hits you.
Grinder gestures at you. Pain shoots through your body!
* * * LOW HITPOINT WARNING * * *
You can move again.
You take 20 damage, and have 4/29 hp.
MASSIVE DAMAGE!!
Unknown command.
Unknown command.
You tentacle-slap the dart slug.
You kill the dart slug!
Okay, then.
Okay, then.
It was a potion of curing.
You feel better.
q - a potion of curing;
h - a red potion You regained 7 hp, and now have 11/29 hp.
You feel attractive to monsters. Grinder is attracted toward you.
You barely miss Grinder. You grab Grinder. You squeeze Grinder!
Grinder is lightly wounded.
You constrict Grinder, but do no damage.
Grinder says, "Make like a tree!"
Grinder blinks free!
Grinder is attracted toward you.
Okay, then.
You tentacle-slap Grinder. Your grab misses Grinder. You squeeze Grinder.
Grinder is heavily wounded.
Grinder gestures at you. Pain shoots through your body!
You die...
Grinder says, "Now the real fun starts!"

. #............# #... ..
#............###...
..###..................
......#..........####...
...##.#.........## #...
......$.......### ##.##
.#####........# #..#
#........# ##.##
#.h......# ##..#
#.§†5.....# #..##
#.........## #.##
.§......§...###.#
.#...........#...# ..
..#...........### .
.###..........### .#
####...###...######
#..............#


You could see Grinder.

Vanquished Creatures
  3 gnolls (D:2)
  2 adders (D:3)
  A worm (D:2)
  5 dart slugs
  2 endoplasms
  5 giant cockroaches
  4 goblins
  6 hobgoblins
  4 jackals (D:2)
  3 kobolds
  2 ball pythons
  5 bats
  5 frilled lizards
  6 rats
53 creatures vanquished.

Notes
Turn   | Place    | Note
-------+----------+-------------------------------------------
     0 | D:1      | Dirtsage the Octopode Shapeshifter began the quest for the
                  | Orb.
     0 | D:1      | Reached XP level 1. HP: 13/13 MP: 1/1
   255 | D:1      | Reached XP level 2. HP: 18/18 MP: 2/2
   783 | D:2      | Reached XP level 3. HP: 23/23 MP: 3/3
   903 | D:2      | HP: 1/23 [gnoll/+0 club (7)]
   907 | D:2      | Reached XP level 4. HP: 29/29 MP: 4/4
  1332 | D:3      | Found a stormy altar of Qazlal.
  1389 | D:3      | Reached skill level 4 in Unarmed Combat
  1802 | D:4      | Found a broken altar of Ashenzari.
  1974 | D:4      | Noticed Grinder
  1975 | D:4      | Paralysed by Grinder for 4 turns
  1984 | D:4      | Killed from afar by Grinder

Illustrated notes

Levels and vault maps discovered:
D:1:      minmay_arrival_arboretum_small, layout_loops_corners,
          hangedman_decor_riveting
D:2:      layout_rooms
D:3:      layout_loops_ring, nicolae_qazlal_general_emergency,
          skrybe_limestone_x, corexii_item_surrounded_by_moat
D:4:      layout_rooms, evilmike_ruin_ashenzari, gup_sewer_entry_bubbles,
          chequers_serial_rivers_small_b, uniq_grinder, uniq_sigmund

Skill      XL: |  1  2  3  4 |
---------------+-------------+-----
Fighting       | 2 |  2.1
Unarmed Combat | 4 |  4.1
Dodging        | |  2.0
Shapeshifting  | |  3.9

Action                     |  1- 3 |  4- 6 || total
---------------------------+-------+-------++-------
  Melee: Unarmed           |    46 |    43 ||    89
         Constrict         |    17 |    19 ||    36
         Tentacles         |    11 |    12 ||    23
         Punch             |     1 |     2 ||     3
    Use: Scroll            |     3 |     4 ||     7
         Potion            |     1 |     2 ||     3
   Stab: Sleeping          |     5 |     3 ||     8
 Armour: Skin              |    11 |    14 ||    25
  Dodge: Dodged            |    19 |    16 ||    35

Table legend: (Time is in decaauts)
 A = Elapsed time spent in this place.
 B = Non-inter-level travel time spent in this place.
 C = Inter-level travel time spent in this place.
 D = Time resting spent in this place.
 E = Time spent auto-exploring this place.
 F = Levels seen in this place.
 G = Mean time per level.
                   A        B        C        D        E       F      G
               +--------+--------+--------+--------+--------+-----+--------+
         Total |   1975 |   1859 |    116 |      0 |   1466 |   4 |  493.8 |
       Dungeon |   1975 |   1859 |    116 |      0 |   1466 |   4 |  493.8 |
               +--------+--------+--------+--------+--------+-----+--------+

Top non-repeatable levels by time:
     D:1: 752 daAuts
     D:3: 634 daAuts
     D:2: 366 daAuts
     D:4: 222 daAuts
